AoeStats
← tomhatherz

African Clearing

510392313Analyzed
2v2 RM · 17h ago on Sep 30, 2026· 63m 35s· 4 players
Game mode
Random Map
Map size
Medium (4 player)
Population
200
Speed
Normal
Resources
Standard
Victory
Conquest
Starting age
Dark Age
Ending age
Imperial Age
RankedLock teamsTeams togetherTeam positionsShared explorationLock speedFull tech treeHidden civsTurbo modeCheats
Victory
Defeat
🇬🇧 Khmer · United Kingdom
1094
+17
🇬🇧 Spanish · United Kingdom
1076
+18
🇫🇷 Huns · France
1136
-18
🇦🇷 Danes · Argentina
1094
-17
Hasper
8:01 Loom
13:38 Feudal Age
14:12 Man-at-Arms
17:51 Arson
21:43 Castle Age
21:04 Scale Mail Armor
21:49 Pikeman
22:59 Squires
25:37 Horse Collar
60:32 Town Watch
60:36 Double-Bit Axe
61:42 Forging
Centu62
9:39 Loom
14:21 Feudal Age
18:17 Castle Age
16:44 Double-Bit Axe
19:34 Pikeman
24:20 Wheelbarrow
26:41 Forging
27:23 Squires
28:39 Hand Cart
30:53 Scale Mail Armor
30:44 Fletching
32:26 Bow Saw
37:19 Bodkin Arrow
38:04 Iron Casting
38:53 Chain Mail Armor
41:34 Ballistics
44:52 Imperial Age
42:20 Bodkin Arrow
42:32 Murder Holes
43:40 Masonry
44:32 Gold Mining
44:33 Stone Mining
45:11 Husbandry
45:25 Bloodlines
46:35 Blast Furnace
45:13 Halberdier
47:33 Conscription
48:50 Gold Shaft Mining
49:53 Chemistry
50:06 Conscription
51:13 Man-at-Arms
53:08 Two-Man Saw
51:50 Long Swordsman
54:12 Bracer
54:13 Padded Archer Armor
53:58 Horse Collar
53:47 Two-Handed Swordsman
54:17 Cavalier
54:49 Elite Skirmisher
56:38 Scale Barding Armor
57:59 Chain Barding Armor
57:47 Paladin
60:55 Plate Barding Armor
Shambles
7:07 Loom
14:28 Feudal Age
17:31 Castle Age
21:15 Horse Collar
27:18 Bloodlines
27:18 Town Watch
28:23 Forging
28:24 Double-Bit Axe
35:04 Scale Barding Armor
36:18 Chain Barding Armor
36:37 Iron Casting
40:34 Imperial Age
38:43 Stone Mining
38:44 Gold Mining
41:37 Chain Barding Armor
42:13 Cavalier
45:08 Blast Furnace
44:27 Fletching
47:21 Bodkin Arrow
48:02 Plate Barding Armor
49:33 Elite Ballista Elephant
51:10 Light Cavalry
52:10 Double Crossbow
51:38 Pikeman
52:44 Scale Mail Armor
54:12 Bow Saw
59:02 Bracer
60:01 Stone Shaft Mining
60:01 Gold Shaft Mining
60:42 Halberdier
61:40 Chain Mail Armor
tomhatherz
5:43 Loom
14:55 Feudal Age
15:24 Town Watch
21:28 Castle Age
28:08 Wheelbarrow
35:19 Double-Bit Axe
39:40 Fletching
45:21 Imperial Age
43:28 Gold Mining
47:28 Bodkin Arrow
47:45 Padded Archer Armor
55:38 Stone Mining
58:32 Hand Cart
59:31 Supremacy
60:10 Conscription
60:20 Town Patrol
60:17 Elite Conquistador
61:19 Masonry
Connection lost

Rejoining the realm…

Still unreachable

The connection could not be restored.

Session expired

The server has moved on; the page needs a fresh start.